 Dungeon Crawl Stone Soup version 0.25-a0-1119-g28b6fd0c3b (webtiles) character file.

Game seed: 3669296123740151610, levelgen mode: deterministic

226418 Lanoc the Acrobat (level 18, -2/107 HPs)
             Began as a Spriggan Hunter on May 16, 2020.
             Was the Champion of Okawaru.
             Shot with a bolt by a yaktaur captain (29 damage)
             ... on level 2 of the Vaults on May 17, 2020.
             The game lasted 01:41:27 (43565 turns).

Lanoc the Acrobat (Spriggan Hunter)                Turns: 43565, Time: 01:41:28

Health: -2/107     AC: 15    Str: 14    XL:     18   Next: 64%
Magic:  31/31      EV: 42    Int: 12    God:    Okawaru [******]
Gold:   2006       SH: 16    Dex: 25    Spells: 16/17 levels left

rFire    + . .     SeeInvis +   a - +4 fustibalus (vorpal)
rCold    + . .     Gourm    .   M - +2 buckler {rF+}
rNeg     . . .     Faith    .   J - quicksilver dragon scales of Hesmeph {MR+ Stlth+}
rPois    .         Spirit   .   i - +0 mask of the Dragon {MR+ Slay+3 SInv}
rElec    +         Reflect  +   O - +1 cloak of Starlight {rElec rC+ EV+4 Stlth--}
rCorr    .         Harm     .   (gloves unavailable)
MR       +++++                  (boots unavailable)
Stlth    +.........             H - amulet of reflection
HPRegen  0.27/turn              n - +4 ring of protection
MPRegen  0.22/turn              P - +6 ring of strength

@: studying Shields, very quick
A: very small, unfitting armour, see invisible, herbivore, speed 3, slow
metabolism 2
}: 1/15 runes: barnacled
a: Heroism, Finesse, Renounce Religion


You were on level 2 of the Vaults.
You worshipped Okawaru.
Okawaru was exalted by your worship.
You were not hungry.

You visited 5 branches of the dungeon, and saw 29 of its levels.
You also visited: Trove and Ice Cave.

You collected 3155 gold pieces.
You spent 1149 gold pieces at shops.

Inventory:

Hand Weapons
 a - a +4 vorpal fustibalus (weapon)
 b - the +9 hunting sling of the Magi {vorpal, rPois}
   (You found it on level 1 of the Vaults)

   Any stone fired from it inflicts extra damage.
   It protects you from poison.
Missiles
 d - 498 sling bullets (quivered)
 j - 14 atropa-tipped darts
 m - 5 datura-tipped darts
 q - 3 curare-tipped darts
 T - 10 throwing nets
Armour
 i - the +0 mask of the Dragon (worn) {MR+ Slay+3 SInv}
   (You found it in a treasure trove)

   It affects your accuracy and damage with ranged weapons and melee attacks
   (+3).
   It affects your resistance to hostile enchantments.
   It lets you see invisible.
 J - the quicksilver dragon scales of Hesmeph (worn) {MR+ Stlth+}
   (You found it in a treasure trove)

   It affects your resistance to hostile enchantments.
   It makes you more stealthy.
 M - a +2 buckler of fire resistance (worn)
 O - the +1 cloak of Starlight (worn) {rElec rC+ EV+4 Stlth--}
   (You found it in a treasure trove)

   It affects your evasion (+4).
   It protects you from cold.
   It insulates you from electricity.
   It makes you much less stealthy.
Jewellery
 n - a +4 ring of protection (left hand)
 w - an uncursed ring of protection from fire
 H - an amulet of reflection (around neck)
 P - a +6 ring of strength (right hand)
Wands
 v - a wand of clouds (9)
 I - a wand of acid (12)
 Q - a wand of paralysis (9)
Scrolls
 e - a scroll of magic mapping
 g - 11 scrolls of remove curse
 h - 9 scrolls of identify
 l - 10 scrolls of enchant armour
 s - 7 scrolls of teleportation
 y - 4 scrolls of fog
 A - 6 scrolls of amnesia
 B - 3 scrolls of immolation
 D - a scroll of fear
 E - a scroll of holy word
 G - 3 scrolls of blinking
 N - 2 scrolls of enchant weapon
 W - a scroll of summoning
Potions
 c - 3 potions of mutation
 o - 10 potions of curing
 p - 4 potions of might
 r - 6 potions of heal wounds
 t - 2 potions of stabbing
 u - 2 potions of cancellation
 x - 3 potions of resistance
 C - 4 potions of berserk rage
 F - 3 potions of haste
 R - a potion of magic
 S - 4 potions of brilliance
 U - 2 potions of lignification
 Y - 3 potions of flight
 Z - a potion of degeneration
Books
 z - a manual of Shields
Miscellaneous
 K - a phantom mirror
 L - 3 boxes of beasts
 X - a phial of floods
Comestibles
 f - 25 rations


   Skills:
 + Level 16.7 Fighting
 - Level 12.0 Slings
 + Level 23.1 Dodging
 - Level 1.5 Stealth
 - Level 7.8 Shields
 + Level 16.6 Invocations


You had 16 spell levels left.
You knew the following spells:

 Your Spells              Type           Power        Failure   Level  Hunger
a - Apportation           Tloc           #.....       56%         1    ##.....

Your spell library contained the following spells:

 Spells                   Type           Power        Failure   Level  Hunger
 Animate Skeleton         Necr           N/A          56%         1    ##.....
 Corona                   Hex            #......      56%         1    ##.....
 Freeze                   Ice            #...         56%         1    ##.....
 Summon Small Mammal      Summ           #...         56%         1    ##.....
 Call Imp                 Summ           #.......     71%         2    ###....
 Call Canine Familiar     Summ           #.......     90%         3    ####...
 Frozen Ramparts          Ice            #.....       90%         3    ####...
 Ozocubu's Armour         Chrm/Ice       #.......     90%         3    ####...
 Summon Guardian Golem    Hex/Summ       #.......     90%         3    ####...
 Cause Fear               Hex            #.........   100%        4    #####..
 Hailstorm                Conj/Ice       #.......     100%        4    #####..
 Summon Ice Beast         Ice/Summ       #.......     100%        4    #####..
 Summon Lightning Spire   Summ/Air       #.......     100%        4    #####..
 Irradiate                Conj/Tmut      #.........   100%        5    ######.
 Silence                  Hex/Air        #.........   100%        5    ######.
 Yara's Violent Unravell  Hex/Tmut       #.........   100%        5    ######.
 Hydra Form               Tmut           #.........   100%        6    #######
 Statue Form              Tmut/Erth      #........    100%        6    #######
 Dragon Form              Tmut           #.........   100%        7    #######
 Discord                  Hex            #.........   100%        8    #######


Dungeon Overview and Level Annotations

Branches:
Dungeon (15/15)              Lair (6/6) D:9          Shoals (4/4) Lair:4
  Snake (0/4) Lair:2        Slime (0/5) Lair:5          Orc (2/2) D:10
    Elf (0/3) Orc:2        Vaults (2/5) D:14          Crypt (0/3) Vaults:2
 Depths (0/5) D:15          IceCv (visited)
 Temple: D:4-7

Altars:
Cheibriados
Gozag
Makhleb
Nemelex Xobeh
Okawaru
Qazlal
Ru
Sif Muna
Trog
Uskayaw
Wu Jian
Yredelemnul
Beogh

Shops:
D:4 }   D:6 (**   D:12 *:   Orc:2 *([:

Annotations:
D:4 3 runed translucent doors, Yorgos's ghost, novice GnFi
D:9 3 runed translucent doors, HoaS's ghost, journeyman GrGl; Hylith's ghost, novice DgWn; bmj180's ghost, journeyman DrCj
D:15 Jorgrun
Orc:2 Saint Roka


Innate Abilities, Weirdness & Mutations

You are very small and have problems with some larger weapons.
You are too small for most types of armour.
You have supernaturally acute eyesight. (SInv)
You are a herbivore.
You cover ground extremely quickly.
You need to consume almost no food.


Message History

You kill the deep troll!
Okawaru accepts your kill.
The troll leather armour is intact enough to wear.
The yaktaur captain shoots a bolt.
The bolt completely misses you.
A yaktaur comes into view.
The ice dragon breathes frost at you. The blast of cold hits you! You resist.
The yaktaur shouts!
The yaktaur wields a +0 arbalest.
The yaktaur shoots a bolt.
The bolt completely misses you.
A yaktaur comes into view.
The yaktaur shouts!
The vault sentinel shoots a bolt.
You reflect the bolt off an invisible shield around you!
The bolt hits the vault sentinel!
The yaktaur captain shoots a bolt.
The bolt hits you!!
* * * LOW HITPOINT WARNING * * *
You see here a bolt.
The yaktaur captain shoots a bolt.
The bolt hits you!!
You die...

#########+##+###
#...............
#...............
#.....(.........
#...(......cc...
#...(.G.@..c....
#
#...(D##'#######
#
#...(.#.......#
#
#.....#.......#
#
#...p.#..<....#
#
#.....#.......#
#
#.....#.......#
#
#.....#.......#
#
#.....#.......#


You could see an ice dragon (catching breath), a yaktaur captain, a great orb of
eyes and 2 yaktaurs.

Vanquished Creatures
  Polyphemus (Shoals:4)
  A sphinx (Vaults:2)
  2 vault wardens (Vaults:1)
  The ghost of hittemvvvvhard the Fencer, a journeyman MfHu of Gozag (Shoals:1)
  3 ironheart preservers
  An orc warlord (Orc:2)
  A stone giant (Vaults:1)
  A vampire knight (Vaults:2)
  An entropy weaver (Vaults:1)
  Azrael (D:14)
  An ettin (D:15)
  2 merfolk javelineers (Shoals:4)
  Snorg (Orc:1)
  A deep elf death mage (Vaults:1)
  4 yaktaur captains
  13 merfolk impalers
  Josephine (D:14)
  2 fire dragons
  A vault guard (D:14)
  6 ogre magi
  A rakshasa (D:14)
  An ice dragon (Vaults:2)
  6 hydras
  Harold (Lair:2)
  6 centaur warriors
  2 alligator snapping turtles (Shoals:4)
  4 merfolk avatars
  A catoblepas (Shoals:3)
  34 two-headed ogres
  A satyr (Shoals:3)
  A death knight (Vaults:2)
  2 tengu warriors (D:15)
  2 merfolk aquamancers (Shoals:4)
  3 death yaks
  An orc high priest (Orc:2)
  A soul eater (Vaults:2)
  A deep elf knight (Vaults:1)
  Nergalle (Lair:2)
  Urug (Lair:2)
  13 sea snakes
  7 skeletal warriors
  3 deep trolls (Vaults:2)
  5 unseen horrors
  A glowing orange brain (shapeshifter) (D:15)
  A kraken simulacrum (Shoals:4)
  A wizard (D:12)
  A swamp dragon (Lair:6)
  2 ironbrand convokers (Vaults:1)
  2 deep elf archers (Vaults:1)
  5 deep elf magi
  5 harpies (Shoals:4)
  9 orc knights
  A necromancer (Vaults:1)
  6 oklob plants
  17 ugly things
  3 orc sorcerers (Orc:2)
  8 fauns
  9 cyclopes
  10 manticores
  3 vault sentinels (Vaults:1)
  8 elephants
  A water nymph (Shoals:4)
  9 merfolk sirens
  A black mamba (Lair:3)
  7 spiny frogs
  Psyche (D:10)
  2 gargoyles
  2 ice statues (IceCv)
  4 rime drakes
  A human zombie (Vaults:1)
  An orc skeleton (Vaults:1)
  2 freezing wraiths (Vaults:1)
  12 yaktaurs
  9 komodo dragons
  A spectral harpy (Shoals:1)
  A tengu conjurer (D:15)
  4 spectral merfolk (Shoals:1)
  A jumping spider (shapeshifter) (Vaults:1)
  27 merfolk
  5 trolls
  2 polar bears
  A blink frog (shapeshifter) (D:15)
  2 hornets
  A raiju (shapeshifter) (D:13)
  14 hippogriffs
  A spectral manticore (Shoals:1)
  6 dream sheep
  17 slime creatures
  A frost giant simulacrum (Vaults:1)
  A wind drake (Shoals:3)
  A meliai zombie (D:14)
  4 snapping turtles
  A spriggan (shapeshifter) (Vaults:2)
  4 wraiths
  3 shadows
  26 yaks
  4 water elementals
  2 vampires (D:12)
  2 yaks (shapeshifter)
  4 basilisks
  9 humans (D:14)
  9 wyverns
  2 fire elementals (D:14)
  4 hungry ghosts
  3 steam dragons (Lair:6)
  2 vampire mosquitoes (D:12)
  A soldier ant (D:12)
  9 wargs
  Edmund (D:4)
  A naga (Lair:2)
  A spectral snapping turtle (Shoals:1)
  11 water moccasins
  3 hell hounds (D:14)
  5 sky beasts
  5 acid dragons
  5 porcupines
  A swamp drake (Lair:6)
  37 orc warriors
  An eye of draining (D:13)
  17 ice beasts
  2 phantoms
  4 black bears
  19 ogres
  A necrophage (D:10)
  4 wolves (Lair:4)
  8 boggarts
  4 merfolk simulacra (Shoals:1)
  31 centaurs
  17 crocodiles
  Blork the orc (Orc:2)
  15 bullfrogs
  2 scorpions (D:7)
  9 killer bees
  19 wights
  5 howler monkeys
  9 crimson imps
  12 hounds
  2 bullfrog zombies
  8 centaur zombies
  5 jellies
  A quasit (D:9)
  3 bullfrog skeletons
  19 orc priests
  4 centaur skeletons
  33 orc wizards
  Jessica (D:15)
  2 iguanas (D:7)
  14 worker ants
  2 hound zombies
  6 gnolls
  14 adders
  3 shadow imps
  An adder zombie (D:5)
  4 dart slugs
  4 leopard geckos
  63 orcs
  6 bats
  4 giant cockroaches
  5 hobgoblins
  4 quokkas
  A ball python (D:2)
  3 frilled lizards
  6 goblins
  5 kobolds
  A quokka skeleton (D:7)
  5 rats
  A spectral orc (D:9)
  A butterfly (Lair:1)
  A plant (Lair:5)
944 creatures vanquished.

Vanquished Creatures (others)
  2 humans (D:14)
  2 acid dragons (Lair:6)
  A hound (D:14)
  An orc wizard (D:14)
  2 fungi
  6 plants
  8 tentacles (Shoals:4)
22 creatures vanquished.

Grand Total: 966 creatures vanquished

Notes
Turn   | Place    | Note
-------+----------+-------------------------------------------
     0 | D:1      | Lanoc the Spriggan Hunter began the quest for the Orb.
     0 | D:1      | Reached XP level 1. HP: 10/10 MP: 2/2
   270 | D:1      | Reached skill level 5 in Slings
   498 | D:1      | Reached XP level 2. HP: 15/15 MP: 3/3
   843 | D:2      | Found a snail-covered altar of Cheibriados.
   932 | D:2      | Reached XP level 3. HP: 18/18 MP: 4/4
  1027 | D:2      | Found a stormy altar of Qazlal.
  1379 | D:2      | Found a sparkling altar of Nemelex Xobeh.
  1582 | D:3      | Reached skill level 4 in Dodging
  1645 | D:3      | Found a sacrificial altar of Ru.
  1995 | D:3      | Reached XP level 4. HP: 23/23 MP: 5/5
  2165 | D:4      | Found Rair's Gadget Boutique.
  2225 | D:4      | Noticed Yorgos's ghost (novice GnFi)
  2225 | D:4      | Identified the cursed +3 whip of the Tired Nights {pain,
                  | MR+}
  2225 | D:4      | Identified the +7 chain mail "Veugitri" {Harm Dex+3}
  2226 | D:4      | Found a runed translucent gate.
  2226 | D:4      | Found a runed translucent gate.
  2227 | D:4      | Found a roughly hewn altar of Beogh.
  2227 | D:4      | Found a runed translucent gate.
  2246 | D:4      | Noticed an ogre
  2285 | D:4      | Killed an ogre
  2285 | D:4      | Reached XP level 5. HP: 27/27 MP: 6/6
  2947 | D:4      | Noticed Edmund
  3227 | D:4      | Killed Edmund
  3227 | D:4      | Reached skill level 5 in Dodging
  3227 | D:4      | Reached XP level 6. HP: 32/32 MP: 7/7
  3558 | D:5      | Entered Level 5 of the Dungeon
  3789 | D:5      | Found an opulent altar of Gozag.
  4196 | D:5      | Reached XP level 7. HP: 28/36 MP: 8/8
  4441 | D:5      | Reached skill level 1 in Shields
  4499 | D:5      | Reached skill level 6 in Dodging
  5173 | D:6      | Found Sanualun's Antique Weapon Shop.
  5730 | D:6      | Noticed Maggie
  5762 | D:6      | Noticed Maggie
  5762 | D:6      | Maggie changed into Maggie the warg
  5889 | D:6      | Killed Maggie the warg
  5889 | D:6      | Reached XP level 8. HP: 42/42 MP: 9/9
  6039 | D:6      | Reached skill level 7 in Dodging
  6080 | D:6      | Found Tatu's Assorted Antiques.
  6086 | D:6      | Bought a scroll labeled LOUN ZALLIHO for 25 gold pieces
  6086 | D:6      | Bought a scroll labeled MEOTO VOONTEGG for 25 gold pieces
  6086 | D:6      | Bought a scroll labeled DOFEWI MADAE for 25 gold pieces
  6086 | D:6      | Bought a fizzy yellow potion for 22 gold pieces
  6086 | D:6      | Bought a scroll labeled RIREZE DOSH for 25 gold pieces
  6086 | D:6      | Bought a sedimented puce potion for 22 gold pieces
  6086 | D:6      | Bought a murky silvery potion for 22 gold pieces
  6086 | D:6      | Bought a scroll labeled YSIMEJUGHO for 25 gold pieces
  6244 | D:6      | Found a bloodstained altar of Trog.
  6493 | D:6      | Found Faocsium's Assorted Antiques.
  6496 | D:6      | Bought a scroll labeled LIDWUCVASO for 36 gold pieces
  6496 | D:6      | Bought a scroll labeled LIDWUCVASO for 36 gold pieces
  6496 | D:6      | Bought a scroll labeled NARUUT AGAPSO for 36 gold pieces
  7039 | D:7      | Reached skill level 10 in Slings
  7039 | D:7      | Reached skill level 8 in Dodging
  7227 | D:7      | Found an iron altar of Okawaru.
  7251 | D:7      | Became a worshipper of Warmaster Okawaru
  7550 | D:7      | Reached XP level 9. HP: 46/46 MP: 10/10
  7566 | D:7      | Reached skill level 1 in Invocations
  7740 | D:7      | Found a hide-covered altar of Uskayaw.
  7743 | D:7      | Found a bloodstained altar of Trog.
  7743 | D:7      | Found an ornate altar of the Wu Jian Council.
  7969 | D:7      | Reached * piety under Okawaru
  8353 | D:8      | Reached skill level 5 in Fighting
  8627 | D:8      | Noticed a two-headed ogre
  8707 | D:7      | Killed a two-headed ogre
  8707 | D:7      | Reached ** piety under Okawaru
  8707 | D:7      | Reached skill level 9 in Dodging
  9005 | D:8      | Reached *** piety under Okawaru
  9039 | D:8      | Reached XP level 10. HP: 37/51 MP: 13/13
  9305 | D:8      | Learned a level 1 spell: Apportation
 10475 | D:9      | Found a burning altar of Makhleb.
 10657 | D:9      | Found a staircase to the Lair.
 10660 | D:9      | Found a shimmering blue altar of Sif Muna.
 10752 | D:9      | Reached **** piety under Okawaru
 10859 | D:9      | Reached skill level 10 in Dodging
 11174 | D:9      | Found a runed translucent gate.
 11174 | D:9      | Found a runed translucent gate.
 11176 | D:9      | Found a runed translucent gate.
 11177 | D:9      | Noticed bmj180's ghost (journeyman DrCj)
 11177 | D:9      | Noticed HoaS's ghost (journeyman GrGl)
 11177 | D:9      | Noticed Hylith's ghost (novice DgWn)
 11204 | D:9      | Found a basalt altar of Yredelemnul.
 11698 | D:10     | Entered Level 10 of the Dungeon
 11755 | D:10     | Found a staircase to the Orcish Mines.
 12237 | D:10     | Found a portal to a secret trove of treasure.
 12528 | D:10     | You paid a toll of 3 potions of resistance to enter a
                  | treasure trove
 12529 | Trove    | Entered a treasure trove
 12532 | Trove    | Found the +0 mask of the Dragon {MR+ Slay+3 SInv}
 12532 | Trove    | Found the +4 robe of Augmentation {Str+4 Int+4 Dex+4}
 12534 | Trove    | Found the +1 cloak of Starlight {rElec rC+ EV+4 Stlth--}
 12542 | Trove    | Got twisted quicksilver dragon scales
 12705 | D:10     | Identified the cursed quicksilver dragon scales of Hesmeph
                  | {MR+ Stlth+} (You found it in a treasure trove)
 12754 | D:10     | Found a roughly hewn altar of Beogh.
 13125 | D:10     | Noticed Psyche
 13131 | D:10     | Killed Psyche
 13131 | D:10     | Received a gift from Okawaru
 13131 | D:10     | Reached skill level 5 in Shields
 13131 | D:10     | Reached skill level 5 in Invocations
 13211 | D:10     | Reached skill level 11 in Dodging
 13335 | D:10     | Received a gift from Okawaru
 13716 | D:11     | Reached ***** piety under Okawaru
 13719 | D:11     | Reached XP level 11. HP: 57/58 MP: 16/16
 13779 | D:11     | Received a gift from Okawaru
 14101 | D:11     | Noticed an unseen horror
 14115 | D:11     | Killed an unseen horror
 14115 | D:11     | Received a gift from Okawaru
 14139 | D:11     | Noticed a two-headed ogre
 14157 | D:11     | Killed a two-headed ogre
 14157 | D:11     | Received a gift from Okawaru
 14187 | D:11     | Noticed a two-headed ogre
 14287 | D:11     | Killed a two-headed ogre
 14287 | D:11     | Reached skill level 12 in Dodging
 14430 | D:11     | Noticed a two-headed ogre
 14482 | D:11     | Killed a two-headed ogre
 14482 | D:11     | Received a gift from Okawaru
 14711 | D:11     | Noticed a red ugly thing
 14863 | D:11     | Killed a red ugly thing
 15639 | D:12     | Noticed a wizard
 15674 | D:12     | Reached ****** piety under Okawaru
 15722 | D:12     | Killed a wizard
 15722 | D:12     | Reached skill level 13 in Dodging
 15738 | D:12     | Reached XP level 12. HP: 64/64 MP: 18/18
 15887 | D:12     | Noticed an eight-headed hydra
 15899 | D:12     | Killed an eight-headed hydra
 16020 | D:12     | Noticed a two-headed ogre
 16040 | D:12     | Killed a two-headed ogre
 16040 | D:12     | Received a gift from Okawaru
 16190 | D:12     | Found Ylitzuell's Book Shoppe.
 16198 | D:12     | Noticed an eight-headed hydra
 16223 | D:12     | Killed an eight-headed hydra
 16616 | D:12     | Found Calyaz's Blood Bar.
 17090 | D:13     | Noticed a two-headed ogre
 17110 | D:13     | Reached skill level 14 in Dodging
 17113 | D:13     | Killed a two-headed ogre
 17113 | D:13     | Received a gift from Okawaru
 17846 | D:13     | Received a gift from Okawaru
 18460 | D:14     | Noticed Josephine
 18482 | D:14     | Killed Josephine
 18482 | D:14     | Reached XP level 13. HP: 27/70 MP: 21/21
 18498 | D:14     | Reached skill level 15 in Dodging
 18854 | D:14     | Found a gate to the Vaults.
 18936 | D:14     | Received a gift from Okawaru
 19150 | D:14     | Found a basalt altar of Yredelemnul.
 19175 | D:14     | Reached skill level 10 in Invocations
 19235 | D:14     | Received a gift from Okawaru
 19569 | D:14     | Received a gift from Okawaru
 19603 | D:14     | Reached skill level 10 in Fighting
 19636 | D:14     | Received a gift from Okawaru
 19875 | D:14     | Reached skill level 16 in Dodging
 19992 | D:14     | Noticed Azrael
 20107 | D:14     | Killed Azrael
 21219 | D:15     | Entered Level 15 of the Dungeon
 21480 | D:15     | Received a gift from Okawaru
 21507 | D:15     | Reached XP level 14. HP: 68/77 MP: 23/23
 21635 | D:15     | Reached skill level 17 in Dodging
 22104 | D:15     | Found a staircase to the Depths.
 22148 | D:15     | Noticed Jessica
 22149 | D:15     | Killed Jessica
 22157 | D:15     | Found a shimmering blue altar of Sif Muna.
 22316 | D:15     | Received a gift from Okawaru
 22329 | D:15     | Received a gift from Okawaru
 22359 | D:15     | Noticed Jorgrun
 22588 | Orc:1    | Entered Level 1 of the Orcish Mines
 23310 | Orc:2    | Entered Level 2 of the Orcish Mines
 23375 | Orc:2    | Received a gift from Okawaru
 23381 | Orc:2    | Found a staircase to the Elven Halls.
 23399 | Orc:2    | Found a frozen archway.
 23554 | IceCv    | Entered an ice cave
 23566 | IceCv    | Found a transporter.
 23658 | IceCv    | Reached skill level 18 in Dodging
 23817 | IceCv    | Found a transporter.
 23867 | IceCv    | Received a gift from Okawaru
 24451 | Orc:2    | Noticed Blork the orc
 24519 | Orc:2    | Received a gift from Okawaru
 24543 | Orc:2    | Killed Blork the orc
 24721 | Orc:2    | Noticed an orc warlord
 24775 | Orc:2    | Killed an orc warlord
 24972 | Orc:2    | Received a gift from Okawaru
 25129 | Orc:2    | Received a gift from Okawaru
 25237 | Orc:2    | Found a roughly hewn altar of Beogh.
 25237 | Orc:2    | Noticed Saint Roka
 25928 | Orc:1    | Received a gift from Okawaru
 26039 | Orc:1    | Noticed Snorg
 26049 | Orc:1    | Killed Snorg
 26406 | Orc:2    | Found Xerch's Antique Armour Emporium.
 26415 | Orc:2    | Found Terofaidgh's Book Emporium.
 26463 | Orc:2    | Found Epurhir's Antique Weapon Emporium.
 26705 | Orc:2    | Found Aqos Lys's General Store.
 26711 | Orc:2    | Bought a potion of experience for 850 gold pieces
 26982 | Lair:1   | Entered Level 1 of the Lair of Beasts
 26992 | Lair:1   | Received a gift from Okawaru
 26995 | Lair:1   | Got a fine hunting sling {god gift}
 26996 | Lair:1   | Identified the +7 hunting sling "Wingak" {flame, Str+6}
                  | (Okawaru gifted it to you on level 1 of the Lair of Beasts)
 27818 | Lair:2   | Noticed Nergalle
 27829 | Lair:2   | Killed Nergalle
 27829 | Lair:2   | Reached XP level 15. HP: 84/84 MP: 25/25
 27848 | Lair:2   | Noticed Harold
 27871 | Lair:2   | Killed Harold
 27976 | Lair:2   | Noticed Urug
 27988 | Lair:2   | Killed Urug
 28819 | Lair:2   | Found a staircase to the Snake Pit.
 29712 | Lair:4   | Received a gift from Okawaru
 29723 | Lair:4   | Reached skill level 19 in Dodging
 29954 | Lair:4   | Found a staircase to the Shoals.
 30109 | Lair:4   | Received a gift from Okawaru
 30724 | Shoals:1 | Entered Level 1 of the Shoals
 31536 | Lair:5   | Found a staircase to the Slime Pits.
 31709 | Lair:6   | Entered Level 6 of the Lair of Beasts
 31727 | Lair:6   | Identified a scroll of acquirement
 32126 | Lair:6   | Received a gift from Okawaru
 32932 | Lair:6   | Upgraded the game from 0.25-a0-1113-g0499d652a8 to
                  | 0.25-a0-1119-g28b6fd0c3b
 33034 | Shoals:1 | Reached XP level 16. HP: 91/91 MP: 27/27
 33155 | Shoals:1 | Reached skill level 20 in Dodging
 33195 | Shoals:1 | Received a gift from Okawaru
 33519 | Shoals:1 | Found a runed translucent gate.
 33519 | Shoals:1 | Found a runed translucent gate.
 33519 | Shoals:1 | Found a runed translucent gate.
 33520 | Shoals:1 | Noticed hittemvvvvhard's ghost (journeyman MfHu)
 34075 | Shoals:1 | Killed hittemvvvvhard's ghost
 34444 | Shoals:2 | You fall into a shaft and drop 1 floor!
 34890 | Shoals:3 | Received a gift from Okawaru
 34896 | Shoals:3 | Reached XP level 17. HP: 96/96 MP: 28/28
 35329 | Shoals:3 | Received a gift from Okawaru
 35651 | Shoals:4 | Entered Level 4 of the Shoals
 35790 | Shoals:4 | Noticed Polyphemus
 36459 | Shoals:4 | Reached skill level 21 in Dodging
 36473 | Shoals:4 | Received a gift from Okawaru
 36761 | Shoals:4 | Killed Polyphemus
 36931 | Shoals:4 | Reached skill level 15 in Invocations
 37158 | Shoals:4 | Got a barnacled rune of Zot
 37745 | Shoals:4 | Reached skill level 15 in Fighting
 38407 | Shoals:4 | Got a transparent tin ring
 38409 | Shoals:4 | Identified the cursed ring "Fuukleoz" {AC-4 Str+2 Int+4}
                  | (You found it on level 4 of the Shoals)
 39154 | Vaults:1 | Entered Level 1 of the Vaults
 39172 | Vaults:1 | Got an iridescent hunting sling
 39173 | Vaults:1 | Identified the +9 hunting sling of the Magi {vorpal, rPois}
                  | (You found it on level 1 of the Vaults)
 39767 | Vaults:1 | Received a gift from Okawaru
 39828 | Vaults:1 | Reached skill level 22 in Dodging
 40105 | Vaults:1 | Received a gift from Okawaru
 40192 | Vaults:1 | Reached XP level 18. HP: 105/105 MP: 30/30
 40343 | Vaults:1 | Received a gift from Okawaru
 40749 | Vaults:1 | Received a gift from Okawaru
 41325 | Vaults:1 | Received a gift from Okawaru
 41467 | Vaults:1 | Received a gift from Okawaru
 41472 | Vaults:1 | Got a twisted morningstar {god gift}
 41473 | Vaults:1 | Identified the +11 morningstar of the Heavens {flame,
                  | Str+4} (Okawaru gifted it to you on level 1 of the Vaults)
 41673 | Vaults:1 | Identified the +6 scimitar of Jeynuonn {flame, rElec rF++
                  | rC- MR+}
 43275 | Vaults:2 | Found a staircase to the Crypt.
 43325 | Vaults:2 | Reached skill level 23 in Dodging
 43565 | Vaults:2 | Shot with a bolt by a yaktaur captain

Illustrated notes

Levels and vault maps discovered:
D:1:      psy_arrival_whirlpool, layout_basic, nrook_uturn, minmay_cupped
D:2:      layout_rooms, nicolae_overflow_hidden_temple,
          nicolae_qazlal_general_emergency, kennysheep_slug_shrine,
          minmay_misc_feat_room, mrwooster_statue_mirror, grunt_ministairs_10
D:3:      layout_basic, nicolae_ru_sacrificial_ziggurat, first_ration,
          dk_noncrumbling_4
D:4:      layout_basic, serial_shops, nicolae_shop_crystal,
          biasface_ghost_orc_armoury, uniq_edmund
D:5:      minmay_general_purpose_star, layout_gridville, kennysheep_mini,
          minmay_temple_entry_from_below_b, corexii_corridor_pit
D:6:      layout_gridville, serial_shops, kennysheep_mini_moat, shop, shop,
          bloody_trog, uniq_maggie
D:7:      layout_rooms, okawaru_gym_becter, grunt_temple_overflow_open
D:8:      layout_rooms
D:9:      layout_roguey, nicolae_overflow_crystal_walls,
          yredelemnul_forgotten_temple_becter, overflow_temple_1_default,
          lair_entry_dummy, gammafunk_ghost_cemetery, hangedman_fish_farm
D:10:     layout_loops_ring, minmay_orc_entry_temple_small,
          nicolae_trove_entry_free_sample, uniq_psyche
D:11:     layout_rooms
D:12:     layout_long_grid, serial_shops, shop, guppyfry_shop_blood
D:13:     layout_cross, billiards_dpeg
D:14:     layout_stronghold, ximxim_vaults_locker_room,
          minmay_misc_feat_encased, yredelemnul_altar_generic, uniq_josephine,
          uniq_azrael
D:15:     hangedman_depths_entry_civil_slaughter, layout_long_grid, tgw_sif,
          uniq_jorgrun
Lair:1:   layout_roguey, serial_bayou_shore_a, grunt_megastairs_4,
          infiniplex_staircase_pool, lemuel_fruit_fields
Lair:2:   layout_layer_cave, guppyfry_snake_entry_island,
          chequers_serial_rivers_large_a, uniq_urug, uniq_nergalle, uniq_harold
Lair:3:   layout_roguey
Lair:4:   layout_misc_corridors, minmay_shoals_entry_centaurs,
          kilobyte_rumbling_trees, grunt_megastairs_5
Lair:5:   layout_regular_city, dpeg_slime_entry_corner,
          minmay_lair_oklob_chamber
Lair:6:   guppyfry_lair_end_dragon, layout_layer_cave, serial_bayou_pond_d
Shoals:1: layout_shoals, gammafunk_ghost_necromancy
Shoals:2: layout_shoals, lemuel_altar_in_water
Shoals:3: layout_shoals, nicolae_shoals_this_corrosion
Shoals:4: shoals_end_grunt_ice, layout_shoals, uniq_polyphemus
Orc:1:    layout_caves, uniq_snorg
Orc:2:    grunt_orc_cross, layout_diamond_mine, portal_ice_cave_entry_ice_beasts
Vaults:1: hangedman_vaults_impose, v_rooms_1, v_rooms_2,
          hangedman_vaults_cutoff, hangedman_vaults_impose,
          grunt_vaults_diagonal, grunt_vaults_hallway_long,
          vaults_room_hangedman_quadrants, nicolae_vaults_three_branches,
          layout_vaults_omnigrid
Vaults:2: v_misc_15, vaults_standard_mumra_x, vaults_mumra_hex, st_spiral_rooms,
          vaults_dpeg_encased_lava, v_misc_33, v_misc_26,
          ontoclasm_vaults_ring_small, minmay_crypt_entry_simple_walls,
          v_alt_pattern_1, vaults_room_semicircle, v_misc_9, vaults_dpeg_hooks,
          layout_vaults_ring

Skill      XL: |  1  2  3  4  5  6  7  8  9 10 11 12 13 14 15 16 17 18 |
---------------+-------------------------------------------------------+-----
Slings         | 5 6 7 9 10 11 12 | 12.0
Fighting       | 2 3 4 5 6 7 9 10 11 13 15 16 | 16.7
Dodging        | 4 5 6 8 9 11 13 14 16 18 19 20 22 23 | 23.1
Shields        | 2 3 4 5 6 7 |  7.8
Invocations    | 3 5 7 9 11 12 13 14 15 16 | 16.6
Stealth        | |  1.5

Action                   |  1- 3 |  4- 6 |  7- 9 | 10-12 | 13-15 | 16-18 || total
-------------------------+-------+-------+-------+-------+-------+-------++-------
 Fire: Hunting sling     |   105 |   216 |   858 |  1231 |    23 |   745 ||  3178
       Fustibalus        |       |       |       |   397 |  1843 |  1429 ||  3669
Throw: Dart              |       |       |     7 |       |       |       ||     7
Invok: Heroism           |       |       |       |       |       |     1 ||     1
       Finesse           |       |       |       |       |       |     1 ||     1
Evoke: Wand              |       |       |     1 |       |       |       ||     1
       Box of beasts     |       |       |       |       |     1 |       ||     1
  Use: Scroll            |       |       |    13 |     9 |    14 |     8 ||    44
       Potion            |       |       |       |     1 |     7 |       ||     8
  Eat: Ration            |       |       |     2 |     3 |     7 |     4 ||    16
Armor: Robe              |     1 |     2 |     1 |       |       |       ||     4
       Acid dragon scale |       |       |    17 |     7 |       |       ||    24
       Quicksilver drago |       |       |       |    31 |    26 |    43 ||   100
Dodge: Dodged            |    21 |    35 |   215 |   306 |   330 |   592 ||  1499
Block: Buckler           |       |     3 |    83 |   176 |   204 |   386 ||   852
       Reflection        |       |       |       |       |       |    73 ||    73

Table legend:
 A = Non-vault XP
 B = Vault XP
 C = Vault XP percentage of total XP
 D = Non-vault monster count
 E = Vault monster count
 F = Vault count percentage of total count
                 A         B        C        D         E       F
            +---------+---------+-------+---------+---------+-------
      Total |  181271 |  106631 |  37.0 |     701 |     243 |  25.7
            +---------+---------+-------+---------+---------+-------
        D:1 |      20 |       0 |   0.0 |      10 |       0 |   0.0
        D:2 |      49 |       6 |  10.9 |      19 |       3 |  13.6
        D:3 |      22 |       0 |   0.0 |       6 |       0 |   0.0
        D:4 |     143 |     158 |  52.5 |       6 |       1 |  14.3
        D:5 |     516 |      46 |   8.2 |      15 |       2 |  11.8
        D:6 |     857 |     165 |  16.1 |      22 |       1 |   4.3
        D:7 |    2634 |       0 |   0.0 |      33 |       0 |   0.0
        D:8 |    1878 |       0 |   0.0 |      15 |       0 |   0.0
        D:9 |     691 |     306 |  30.7 |      22 |       2 |   8.3
       D:10 |    1961 |    1243 |  38.8 |      26 |      14 |  35.0
       D:11 |    7151 |       0 |   0.0 |      31 |       0 |   0.0
       D:12 |    9153 |     428 |   4.5 |      39 |       4 |   9.3
       D:13 |    7081 |    1891 |  21.1 |      28 |       3 |   9.7
       D:14 |   14151 |    6643 |  31.9 |      46 |      20 |  30.3
       D:15 |   20182 |    4598 |  18.6 |      47 |       6 |  11.3
     Lair:1 |    2428 |     577 |  19.2 |      14 |       2 |  12.5
     Lair:2 |    3822 |    2683 |  41.2 |      12 |       4 |  25.0
     Lair:3 |    2529 |       0 |   0.0 |      10 |       0 |   0.0
     Lair:4 |    7391 |    3094 |  29.5 |      27 |      15 |  35.7
     Lair:5 |    2397 |    2486 |  50.9 |      13 |       6 |  31.6
     Lair:6 |    3464 |    3283 |  48.7 |      13 |      11 |  45.8
   Shoals:1 |    7792 |    4395 |  36.1 |      17 |      12 |  41.4
   Shoals:2 |    1947 |       0 |   0.0 |       4 |       0 |   0.0
   Shoals:3 |   13507 |    4242 |  23.9 |      27 |       6 |  18.2
   Shoals:4 |   18945 |   26094 |  57.9 |      37 |      35 |  48.6
      Orc:1 |    2124 |    1123 |  34.6 |      31 |       1 |   3.1
      Orc:2 |    4808 |    7076 |  59.5 |      35 |      41 |  53.9
   Vaults:1 |   41381 |   20897 |  33.6 |      87 |      30 |  25.6
   Vaults:2 |    2247 |   12641 |  84.9 |       9 |      14 |  60.9
      IceCv |       0 |    2556 | 100.0 |       0 |      10 | 100.0
            +---------+---------+-------+---------+---------+-------
